 Dungeon Crawl Stone Soup version 0.31-a0-799-g6bc09d010c (webtiles) character file.

Game seed: 2045360434475994406

46 javelincjr the Magician (level 3, 0/24 HPs)
             Began as a Demonspawn Hedge Wizard on Sept 19, 2023.
             Slain by a worm (1 damage)
             ... on level 2 of the Dungeon.
             The game lasted 00:04:52 (1189 turns).

javelincjr the Magician (Demonspawn Hedge Wizard)   Turns: 1189, Time: 00:04:53

Health: 0/24       AC:  2    Str: 10    XL:     3   Next: 46%
Magic:  4/7        EV: 12    Int: 17    God:
Gold:   105        SH:  0    Dex: 12    Spells: 5/8 levels left

rFire   . . .        a - +0 dagger
rCold   . . .        (no shield)
rNeg    . . .        b - +0 robe
rPois   .            c - +0 hat
rElec   .            m - scarf {harm}
rCorr   .            (no gloves)
SInv    .            (no boots)
Will    .....        (no amulet)
Stlth   ++           (no ring)
HPRegen 0.24/turn    (no ring)
MPRegen 0.20/turn

%: harm (+30% outgoing, +20% incoming)
@: no status effects
A: foul stench 1, magic regeneration
a: no special abilities


You were on level 2 of the Dungeon.
You visited 1 branch of the dungeon, and saw 2 of its levels.

You collected 105 gold pieces.

Inventory:

Hand Weapons
 a - a +0 dagger (weapon)
Armour
 b - a +0 robe (worn)
 c - a +0 hat (worn)
 m - a scarf of harm (worn)
Scrolls
 f - 4 scrolls of identify {unknown}
 h - a scroll of fog {unknown}
 i - 2 scrolls of immolation {unknown}
 k - a scroll of enchant weapon {unknown}
Potions
 d - a potion of magic
 e - a potion of haste {unknown}
 g - 2 potions of curing {unknown}
 j - a potion of brilliance {unknown}
 l - a potion of heal wounds {unknown}


   Skills:
 + Level 2.3 Dodging
 + Level 2.1 Stealth
 + Level 3.2 Spellcasting
 + Level 1.4 Conjurations
 + Level 1.6 Summonings
 + Level 1.3 Translocations


You had 5 spell levels left.
You knew the following spells:

 Your Spells              Type           Power      Damage    Failure   Level
a - Magic Dart            Conj           28%        1d4       10%         1
b - Call Imp              Summ           16%        N/A       13%         2

Your spell library contained the following spells:

 Spells                   Type           Power      Damage    Failure   Level
 Blink                    Tloc           14%        N/A       16%         2
 Slow                     Hex            8%         N/A       17%         1
 Cigotuvi's Dreadful Rot  Necr/Pois/Air  4%         N/A       26%         2
 Dazzling Flash           Conj/Hex       10%        N/A       36%         3
 Mephitic Cloud           Conj/Pois/Air  4%         N/A       38%         3
 Inner Flame              Hex/Fire       2%         N/A       45%         3
 Agony                    Necr           2%         N/A       99%         5
 Silence                  Hex/Air        1%         N/A       99%         5
 Yara's Violent Unravell  Hex/Tmut       1%         3d3       99%         5
 Enfeeble                 Hex            1%         N/A       100%        7


Dungeon Overview and Level Annotations

Branches:
Dungeon (2/15)

Altars:


Innate Abilities, Weirdness & Mutations

You may rarely emit foul miasma when damaged in melee.
You regenerate magic rapidly.


Message History

The magic dart hits the worm but does no damage.
The worm is moderately wounded.
The magic dart hits the worm.
The worm is moderately wounded.
The magic dart hits the worm.
The worm is moderately wounded.
The worm bites you.
You hit the worm but do no damage.
The worm is moderately wounded.
You hit the worm.
The worm is moderately wounded.
The worm bites you.
You hit the worm.
The worm is moderately wounded.
The worm bites you.
You hit the worm.
The worm is heavily wounded.
You hit the worm.
The worm is severely wounded.
The worm barely misses you.
You barely miss the worm.
The worm is heavily wounded.
You hit the worm.
The worm is severely wounded.
The worm barely misses you.
You hit the worm but do no damage.
The worm is severely wounded.
The worm bites you!
You hit the worm but do no damage.
The worm is severely wounded.
You hit the worm.
The worm is severely wounded.
The worm bites you!
* * * LOW HITPOINT WARNING * * *
You hit the worm.
The worm is almost dead.
You hit the worm.
The worm is almost dead.
The worm bites you.
You die...

.# ##.# .... #..#
# #..# #.#..# ###
##.#$.# .# .....
#..w@.# .# .. ...
#.###..#####.##.
#. #...........
###. ###.....##.##
.... #...........#
# ####........##..
#..
#.......###..##.##
#......## #..#...#
#.....#.# #.......


You could see a worm.

Vanquished Creatures
  An adder (D:2)
  A ball python (D:2)
  4 endoplasms
  7 giant cockroaches
  2 goblins (D:2)
  2 hobgoblins
  A quokka (D:1)
  4 bats (D:1)
  4 frilled lizards
  2 kobolds
  4 rats
32 creatures vanquished.

Vanquished Creatures (collateral kills)
  2 endoplasms (D:2)
2 creatures vanquished.

Grand Total: 34 creatures vanquished

Notes
Turn   | Place    | Note
-------+----------+-------------------------------------------
     0 | D:1      | javelincjr the Demonspawn Hedge Wizard began the quest for
                  | the Orb.
     0 | D:1      | Reached XP level 1. HP: 13/13 MP: 4/4
   103 | D:1      | Reached skill level 1 in Translocations
   265 | D:1      | Gained mutation: You regenerate magic rapidly. [demonic
                  | ancestry]
   265 | D:1      | Reached XP level 2. HP: 19/19 MP: 4/6
   920 | D:2      | Gained mutation: You may rarely emit foul miasma when
                  | damaged in melee. [demonic ancestry]
   920 | D:2      | Reached XP level 3. HP: 24/24 MP: 4/7
   968 | D:2      | Learned a level 2 spell: Call Imp
  1187 | D:2      | HP: 1/24 [worm (8)]
  1189 | D:2      | Slain by a worm

Illustrated notes

Levels and vault maps discovered:
D:1:      dpeg_arrival_prison, layout_rooms
D:2:      layout_loops_ring, chequers_hall_statues_wall_a

Skill      XL: |  1  2 |
---------------+-------+-----
Translocations | 1 |  1.3
Stealth        | 2 |  2.1
Dodging        | 2 |  2.3
Spellcasting   | |  3.2
Conjurations   | |  1.4
Summonings     | |  1.6

Action                     || total
---------------------------++-------
  Melee: Dagger            ||    38
   Cast: Magic Dart        ||    75
         Call Imp          ||     2
   Stab: Sleeping          ||     1
 Armour: Robe              ||    23
  Dodge: Dodged            ||    26

Table legend: (Time is in decaauts)
 A = Elapsed time spent in this place.
 B = Non-inter-level travel time spent in this place.
 C = Inter-level travel time spent in this place.
 D = Time resting spent in this place.
 E = Time spent auto-exploring this place.
 F = Levels seen in this place.
 G = Mean time per level.
                   A        B        C        D        E       F      G
               +--------+--------+--------+--------+--------+-----+--------+
         Total |   1188 |   1168 |     20 |      0 |    952 |   2 |  594.0 |
       Dungeon |   1188 |   1168 |     20 |      0 |    952 |   2 |  594.0 |
               +--------+--------+--------+--------+--------+-----+--------+

Top non-repeatable levels by time:
     D:1: 690 daAuts
     D:2: 498 daAuts
